 Dungeon Crawl Stone Soup version 0.29-a0-344-ge2f44be95a (webtiles) character file.

Game seed: 1261408131616457335

196 Hubjo the Sneak (level 5, -6/32 HPs)
             Began as a Deep Elf Monk on Apr 21, 2022.
             Mangled by a gnoll
             ... wielding a +0 whip
              (8 damage)
             ... on level 3 of the Dungeon.
             The game lasted 00:06:39 (5369 turns).

Hubjo the Sneak (Deep Elf Monk)                     Turns: 5369, Time: 00:06:39

Health: -6/32      AC:  2    Str:  8    XL:     5   Next: 45%
Magic:  20/20      EV: 13    Int: 17    God:
Gold:   122        SH:  0    Dex: 17    Spells: 8/10 levels left

rFire   . . .      SeeInvis .   d - +3 whip
rCold   . . .      Faith    .   (no shield)
rNeg    . . .      Spirit   .   b - +0 robe
rPois   .          Reflect  .   (no helmet)
rElec   .          Harm     .   (no cloak)
rCorr   .          Rampage  .   (no gloves)
Will    .....                   (no boots)
Stlth   +++.......              (no amulet)
HPRegen 0.10/turn               f - ring of magical power
MPRegen 0.17/turn               (no ring)

@: no status effects
A: no striking features
a: no special abilities


You were on level 3 of the Dungeon.
You visited 1 branch of the dungeon, and saw 3 of its levels.

You collected 122 gold pieces.

Inventory:

Hand Weapons
 a - a +0 short sword
 d - a +3 whip (weapon)
Missiles
 i - 5 datura-tipped darts (quivered)
Armour
 b - a +0 robe (worn)
Jewellery
 f - a ring of magical power (left hand)
 g - an amulet of magic regeneration
Scrolls
 k - a scroll of holy word {unknown}
 l - 3 scrolls of amnesia
 m - a scroll of fog
Potions
 c - a potion of cancellation {unknown}
 e - a potion of attraction {unknown}
 h - a potion of magic {unknown}
 j - a potion of berserk rage {unknown}


   Skills:
 + Level 3.2 Fighting
 - Level 3.0 Short Blades
 - Level 3.6 Dodging
 + Level 4.9 Stealth
 + Level 3.0 Spellcasting
 * Level 2.1 Air Magic


You had 8 spell levels left.
You knew the following spells:

 Your Spells              Type           Power      Damage    Failure   Level
a - Static Discharge      Conj/Air       6%         N/A       17%         2

Your spell library contained the following spells:

 Spells                   Type           Power      Damage    Failure   Level
 Dispel Undead            Necr           2%         3d7       86%         4
 Sticky Flame             Conj/Fire      2%         2d3       86%         4


Dungeon Overview and Level Annotations

Branches:
Dungeon (3/15)

Altars:


Message History

Key pressed, stopping explore.
No target in view!
No target in view!
No target in view!
No target in view!
No target in view!
No target in view!
No target in view!
No target in view!
No target in view!
No target in view!
There is an open door here.
There is a shaft here.
A gnoll comes into view.
It is wielding a +0 club and quivering poisoned darts.
A gnoll is nearby!
A gnoll is nearby!
A gnoll comes into view. It is wielding a +0 whip.
A gnoll comes into view. It is wielding a +0 whip.
A gnoll comes into view. It is wielding a +0 club.
The gnoll shouts! x2
You hit the gnoll but do no damage. The gnoll hits you with a +0 whip.
You hit the gnoll.
The gnoll is moderately wounded.
The gnoll hits you with a +0 whip.
You hit the gnoll.
The gnoll is heavily wounded.
The gnoll hits you with a +0 whip. The gnoll closely misses you.
You barely miss the gnoll.
The gnoll is heavily wounded.
The gnoll shouts!
The gnoll barely misses you. x2
You barely miss the gnoll.
The gnoll is heavily wounded.
The gnoll hits you with a +0 club! The gnoll hits you with a +0 whip.
The gnoll misses you. The gnoll hits you with a +0 club.
* * * LOW HITPOINT WARNING * * *
The gnoll hits you with a +0 club.
* * * LOW HITPOINT WARNING * * *
The gnoll closely misses you. The gnoll hits you with a +0 whip!
You die...

.#.#########......#..............
.+.........#.##.#.#.###..........
.#.#######.#.##.#.#.# #..........
.+.# ####.#.##.#.#.# #.###.#.#..
.### #.............# #..........
.# ####.#.##.#.#.# #.###.#.#.. .#
### #.#.[....#.# #.......... ##
#.# #.##.#ggg#.# #.###.#.#.#
######.###.##.#.@g#.# #..........
..............#...#.# #.#####.#.#
####.#.###........#.# #.#####....
#.........^....#.###....####..
#...###.###..........##.# #.#
#...# #.# #...##.###.##.# #.#
#...###.###...##..##.##.# #.#
####......<......##..##.##.####..
#.....####.#####.##.............#


You could see 4 gnolls.

Vanquished Creatures
  An orc priest (D:2)
  A hound (D:2)
  An orc wizard (D:2)
  3 gnolls (D:1)
  3 adders
  A dart slug (D:2)
  6 orcs
  6 bats
  5 endoplasms
  5 goblins
  2 hobgoblins
  3 quokkas
  4 ball pythons
  A frilled lizard (D:2)
  2 kobolds
  3 rats
47 creatures vanquished.

Notes
Turn   | Place    | Note
-------+----------+-------------------------------------------
     0 | D:1      | Hubjo the Deep Elf Monk began the quest for the Orb.
     0 | D:1      | Reached XP level 1. HP: 13/13 MP: 3/3
   821 | D:2      | Reached skill level 3 in Stealth
   821 | D:2      | Reached skill level 1 in Spellcasting
   821 | D:2      | Reached XP level 2. HP: 18/18 MP: 5/5
  1025 | D:2      | Found a faded altar of an unknown god.
  1124 | D:2      | Reached XP level 3. HP: 10/22 MP: 7/7
  1376 | D:2      | Reached skill level 4 in Stealth
  1749 | D:2      | HP: 1/22 [gnoll/+0 whip (4)]
  1971 | D:2      | Learned a level 2 spell: Static Discharge
  2040 | D:1      | Reached XP level 4. HP: 27/27 MP: 7/9
  2432 | D:2      | You fall into a shaft and drop 1 floor!
  2517 | D:3      | Reached skill level 1 in Air Magic
  3515 | D:2      | Reached XP level 5. HP: 13/32 MP: 10/11
  5369 | D:3      | Mangled by a gnoll

Illustrated notes

Levels and vault maps discovered:
D:1:      mrwooster_arrival_statue_2, layout_basic
D:2:      layout_rooms, hellmonk_ecumenical_altar_blasted
D:3:      layout_basic

Skill      XL: |  1  2  3  4  5 |
---------------+----------------+-----
Stealth        | 3 4 |  4.9
Spellcasting   | 1 2 3 |  3.0
Fighting       | 3 |  3.2
Air Magic      | 1 2 |  2.1
Short Blades   | |  3.0
Dodging        | |  3.6

Action                   |  1- 3 |  4- 6 || total
-------------------------+-------+-------++-------
Melee: Short sword       |    73 |     4 ||    77
       Punch             |     1 |     1 ||     2
       Whip              |       |    83 ||    83
Throw: Dart              |       |     3 ||     3
 Cast: Static Discharge  |     3 |     9 ||    12
  Use: Potion            |     2 |     2 ||     4
       Scroll            |     5 |       ||     5
 Stab: Sleeping          |     6 |     3 ||     9
       Distracted        |     1 |     1 ||     2
Armor: Robe              |    20 |    11 ||    31
Dodge: Dodged            |    68 |    86 ||   154

Table legend: (Time is in decaauts)
 A = Elapsed time spent in this place.
 B = Non-inter-level travel time spent in this place.
 C = Inter-level travel time spent in this place.
 D = Time resting spent in this place.
 E = Time spent auto-exploring this place.
 F = Levels seen in this place.
 G = Mean time per level.
                   A        B        C        D        E       F      G
               +--------+--------+--------+--------+--------+-----+--------+
         Total |   5385 |   5259 |    126 |   2255 |   2387 |   3 | 1795.0 |
       Dungeon |   5385 |   5259 |    126 |   2255 |   2387 |   3 | 1795.0 |
               +--------+--------+--------+--------+--------+-----+--------+

Top non-repeatable levels by time:
     D:2: 2934 daAuts
     D:3: 1273 daAuts
     D:1: 1177 daAuts
